 Dungeon Crawl Stone Soup version 0.29-a0-993-g4a18f31a58 (webtiles) character file.

Game seed: 8811929738226399939

43 vurker the Shield-Bearer (level 3, 0/20 HPs)
             Began as a Vine Stalker Fighter on Aug 2, 2022.
             Succumbed to a kobold's poison
             ... on level 2 of the Dungeon.
             The game lasted 00:02:17 (1624 turns).

vurker the Shield-Bearer (Vine Stalker Fighter)     Turns: 1624, Time: 00:02:18

Health: 0/20       AC:  6    Str: 20    XL:     3   Next: 58%
Magic:  12/13      EV:  9    Int:  8    God:
Gold:   39         SH:  4    Dex: 13    Spells: 2/2 levels left

rFire   . . .      SeeInvis .     - Unarmed
rCold   . . .      Faith    .   b - +0 buckler
rNeg    . . .      Spirit   +   a - +0 scale mail
rPois   .          Reflect  .   (no helmet)
rElec   .          Harm     .   (no cloak)
rCorr   +          Rampage  .   (no gloves)
Will    .....                   (no boots)
Stlth   ..........              (no amulet)
HPRegen 0.06/turn               d - ring of resist corrosion
MPRegen 0.13/turn               f - ring of magical power

@: lethally poisoned (0 -> -2)
A: fangs 2, magic shield, antimagic bite, no potion heal 2
a: no special abilities


You were on level 2 of the Dungeon.
You visited 1 branch of the dungeon, and saw 2 of its levels.

You collected 39 gold pieces.

Inventory:

Armour
 a - a +0 scale mail (worn)
 b - a +0 buckler (worn)
Jewellery
 d - a ring of resist corrosion (left hand)
   (You found it on level 1 of the Dungeon)
 f - a ring of magical power (right hand)
   (You found it on level 1 of the Dungeon)
 h - a +6 ring of dexterity
   (You found it on level 1 of the Dungeon)
Scrolls
 e - a scroll of magic mapping {unknown}
 g - 3 scrolls of blinking {unknown}
 i - 3 scrolls of immolation {unknown}
Potions
 c - 2 potions of might


   Skills:
 + Level 3.0 Fighting
 + Level 2.7 Armour
 + Level 3.0 Shields
 * Level 2.8 Unarmed Combat


You had 2 spell levels left.
You didn't know any spells.
Your spell library contained the following spells:

 Spells                   Type           Power      Damage    Failure   Level
 Sandblast                Erth           0%         2d4       86%         1
 Slow                     Hex            0%         N/A       86%         1
 Passwall                 Tmut/Erth      0%         N/A       94%         2
 Confusing Touch          Hex            0%         N/A       99%         3
 Dazzling Flash           Conj/Hex       0%         N/A       99%         3
 Gell's Gravitas          Tloc           0%         N/A       99%         3
 Stone Arrow              Conj/Erth      0%         3d7       99%         3
 Teleport Other           Tloc           0%         N/A       99%         3
 Vampiric Draining        Necr           0%         2d6       99%         3
 Agony                    Necr           0%         N/A       100%        5
 Silence                  Hex/Air        0%         N/A       100%        5
 Dispersal                Tloc           0%         N/A       100%        6


Dungeon Overview and Level Annotations

Branches:
Dungeon (2/15)

Altars:


Innate Abilities, Weirdness & Mutations

You have extremely sharp teeth.
When hurt, damage is shared between your health and your magic reserves.
Your bite disrupts and absorbs the magic of your enemies.
Potions cannot restore your health.


Message History

You drop the +8 mace "Esoet" {protect, rC+}.
Found a stone staircase leading down.
Found a There-And-Back Book.
i - 3 scrolls labelled ZOOPLER ETWAPP (gained 1)
You pick up a There-And-Back Book and begin reading...
You add the spells Gell's Gravitas, Teleport Other and Dispersal to your library.
Found a stone staircase leading up.
A kobold comes into view. It is wielding a +2 dagger of venom.
The kobold shouts!
A kobold is nearby!
A kobold is nearby!
A kobold is nearby!
A kobold comes into view. It is wielding a +0 dagger.
The kobold shouts!
The kobold completely misses you.
You hit the kobold.
The kobold hits you with a +2 dagger of venom.
You are poisoned.
You barely miss the kobold. You bite the kobold, but do no damage.
You feel very sick.
The kobold hits you with a +2 dagger of venom.
You are lethally poisoned!
You hit the kobold.
You kill the kobold!
You feel very sick.
* * * LOW HITPOINT WARNING * * *
You feel very sick. The kobold misses you.
Things that are here:
a +2 dagger of venom; 3 stones; a kobold corpse You hit the kobold.
* * * LOW HITPOINT WARNING * * *
You feel sick. The kobold hits you but does no damage.
You closely miss the kobold.
* * * LOW HITPOINT WARNING * * *
You feel sick. The kobold misses you. The kobold hits you but does no damage.
You closely miss the kobold. Your bite misses the kobold.
* * * LOW HITPOINT WARNING * * *
You feel sick.
It was a potion of heal wounds.
That seemed strangely inert.
* * * LOW HITPOINT WARNING * * *
You feel sick. The kobold hits you with a +0 dagger.
* * * LOW HITPOINT WARNING * * *
You hit the kobold but do no damage.
* * * LOW HITPOINT WARNING * * *
You feel sick. The kobold barely misses you.
Unknown command.
You closely miss the kobold. You bite the kobold.
You kill the kobold!
You die...

. #.. ... #..
.....############# #..
......)@.........# #..
.....###########.#####..
... ##.##.##.. #
#####....#.#..
#...#...###.<.
#.#.#..<.#)..#
#.#.#.###.#... #.#.#.#
#.#)## #.#.#.###.#.##


There were no monsters in sight!

Vanquished Creatures
  4 bats
  2 endoplasms
  6 goblins
  A hobgoblin (D:2)
  6 jackals (D:1)
  7 kobolds
  3 quokkas (D:1)
  4 ball pythons (D:1)
  4 frilled lizards (D:1)
  2 rats (D:1)
39 creatures vanquished.

Notes
Turn   | Place    | Note
-------+----------+-------------------------------------------
     0 | D:1      | vurker the Vine Stalker Fighter began the quest for the
                  | Orb.
     0 | D:1      | Reached XP level 1. HP: 11/11 MP: 2/2
   313 | D:1      | Reached XP level 2. HP: 15/16 MP: 0/3
   805 | D:1      | Found a faded altar of an unknown god.
  1051 | D:1      | Reached XP level 3. HP: 16/19 MP: 4/4
  1566 | D:2      | Identified the +8 mace "Esoet" {protect, rC+}
  1623 | D:2      | HP: 1/20 [poisoned by a kobold]
  1624 | D:2      | Succumbed to a kobold's poison

Illustrated notes

Levels and vault maps discovered:
D:1:      minmay_arrival_stair_chambers, layout_basic,
          shapermc_ecumenical_altar_notcrosses, serial_curves, eino_curves_03,
          eino_curves_01, minmay_tripent
D:2:      layout_loops_ring, basic_altar

Skill      XL: |  1  2  3 |
---------------+----------+-----
Shields        | 3 |  3.0
Fighting       | 3 |  3.0
Armour         | |  2.7
Unarmed Combat | |  2.8

Action                   || total
-------------------------++-------
Melee: Unarmed           ||   122
       Bite              ||    23
  Use: Potion            ||     1
Armor: Scale mail        ||    67
Dodge: Dodged            ||    57
Block: Buckler           ||    30

Table legend: (Time is in decaauts)
 A = Elapsed time spent in this place.
 B = Non-inter-level travel time spent in this place.
 C = Inter-level travel time spent in this place.
 D = Time resting spent in this place.
 E = Time spent auto-exploring this place.
 F = Levels seen in this place.
 G = Mean time per level.
                   A        B        C        D        E       F      G
               +--------+--------+--------+--------+--------+-----+--------+
         Total |   1622 |   1604 |     18 |      0 |   1287 |   2 |  811.0 |
       Dungeon |   1622 |   1604 |     18 |      0 |   1287 |   2 |  811.0 |
               +--------+--------+--------+--------+--------+-----+--------+

Top non-repeatable levels by time:
     D:1: 1531 daAuts
     D:2: 90 daAuts
